 Dungeon Crawl Stone Soup version 0.29-a0-360-g8ed1089bbe (webtiles) character file.

Game seed: 15958116783894496173

586 bande the Chopper (level 7, -2/44 HPs)
             Began as a Gargoyle Fighter on Apr 28, 2022.
             Slain by Duvessa
             ... wielding a +0 short sword
              (3 damage)
             ... on level 4 of the Dungeon.
             The game lasted 00:06:07 (3959 turns).

bande the Chopper (Gargoyle Fighter)                Turns: 3959, Time: 00:06:08

Health: -2/44      AC: 10    Str: 19    XL:     7   Next: 37%
Magic:  7/7        EV: 10    Int:  9    God:
Gold:   153        SH: 10    Dex: 17    Spells: 6/6 levels left

rFire   . . .      SeeInvis .   a - +0 war axe
rCold   . . .      Faith    .   c - +0 buckler
rNeg    + . .      Spirit   .   (no body armour)
rPois   ∞          Reflect  +   t - +0 helmet
rElec   +          Harm     .   (no cloak)
rCorr   .          Rampage  .   (no gloves)
Will    .....                   (no boots)
Stlth   ++........              v - amulet of reflection
HPRegen 0.14/turn               g - +4 ring of protection
MPRegen 0.10/turn               p - +6 ring of dexterity

@: no status effects
A: sickness immunity, AC +4, negative energy resistance 1, electricity
resistance, torment resistance 1, petrification resistance
a: no special abilities


You were on level 4 of the Dungeon.
You visited 1 branch of the dungeon, and saw 4 of its levels.

You collected 153 gold pieces.

Inventory:

Hand Weapons
 a - a +0 war axe (weapon)
 j - a +0 war axe
Armour
 c - a +0 buckler (worn)
 t - a +0 helmet (worn)
 w - a +0 plate armour
Jewellery
 b - a ring of see invisible
 g - a +4 ring of protection (left hand)
 p - a +6 ring of dexterity (right hand)
 v - an amulet of reflection (around neck)
Wands
 u - a wand of charming (12)
Scrolls
 k - a scroll of silence {unknown}
 q - a scroll of amnesia
 s - 3 scrolls of teleportation
Potions
 d - a potion of might
 e - a potion of berserk rage
 f - a potion of curing
 h - a potion of flight {unknown}
 l - a potion of lignification {unknown}
 m - a potion of brilliance {unknown}
 n - a potion of haste {unknown}
 o - a potion of degeneration {unknown}
 r - a potion of heal wounds {unknown}
 x - 2 potions of ambrosia {unknown}


   Skills:
 + Level 4.6 Fighting
 + Level 5.3 Axes
 + Level 4.7 Armour
 + Level 4.3 Shields
 * Level 1.1 Evocations


You had 6 spell levels left.
You didn't know any spells.
Your spell library contained the following spells:

 Spells                   Type           Power      Damage    Failure   Level
 Animate Skeleton         Necr           0%         N/A       45%         1
 Pain                     Necr           0%         1d4       45%         1
 Ensorcelled Hibernation  Hex/Ice        0%         N/A       61%         2
 Spider Form              Tmut/Pois      0%         N/A       83%         3
 Vampiric Draining        Necr           0%         2d6       83%         3
 Anguish                  Hex/Necr       0%         N/A       99%         4


Dungeon Overview and Level Annotations

Branches:
Dungeon (4/15)
 Temple: D:4-7

Altars:
Gozag
Nemelex Xobeh

Annotations:
D:4 Duvessa


Innate Abilities, Weirdness & Mutations

You are immune to sickness and miasma.
Your stone body is resilient. (AC +4)
You are immune to poison.
You resist negative energy. (rN+)
You are resistant to electric shocks. (rElec)
You are resistant to unholy torment.
You are immune to petrification.


Message History

You closely miss Dowan.
Dowan is heavily wounded.
You slash the kobold!
You kill the kobold!
Dowan smirks and points a slender finger.
Dowan casts a spell.
Dowan blinks!
Dowan closely misses you.
You see here a +0 club.
You hit Dowan but do no damage.
Dowan is heavily wounded.
Dowan hits you with a +2 dagger of venom.
You closely miss Dowan.
Dowan is heavily wounded.
Dowan hits you with a +2 dagger of venom.
You barely miss Dowan.
Dowan is heavily wounded.
You block Dowan's attack. x2
You slash Dowan!
You kill Dowan!
You hear a distant scream of rage.
Your Evocations skill increases to level 1!
Duvessa, Sister of Dowan comes into view.
She is wielding a +0 short sword.
Things that are here:
a +2 dagger of venom; a +0 robe; the elf corpse of Dowan Duvessa shouts!
Duvessa goes berserk!
You see here a +0 club.
Duvessa rages.
Duvessa hits you with a +0 short sword!
* * * LOW HITPOINT WARNING * * *
You feel better. You block Duvessa's attack.
You hit Duvessa but do no damage. Duvessa hits you with a +0 short sword.
You block Duvessa's attack.
You hit Duvessa.
Duvessa is lightly wounded.
Duvessa hits you with a +0 short sword!
* * * LOW HITPOINT WARNING * * *
Duvessa hits you with a +0 short sword.
You die...

## #.### #.......# .#
#...# #[......# .######.#
#.......# ........#
###.....# .#####..#
#.....# ..# #..# #.....#
..# #..# #.....#######
..# #... ###$..!......
..# ....##.###.@e.......
..# #.#......'..).......
..####)####'###..).......
..#...... #..........
..#.# #.# .''..........
#.#.# #.# ...##..........
#'#'###.# .. #..........
........# . ...........
........################+


You could see Duvessa (berserk).

Vanquished Creatures
  An ogre (D:3)
  A phantom (D:4)
  2 scorpions
  Dowan (D:4)
  An orc priest (D:3)
  Jessica (D:2)
  2 orc wizards
  7 adders
  A worm (D:2)
  2 dart slugs
  11 orcs (D:3)
  10 ball pythons
  4 endoplasms
  3 giant cockroaches
  4 goblins
  5 hobgoblins
  2 jackals (D:1)
  8 kobolds
  12 bats
  4 frilled lizards
  4 rats
86 creatures vanquished.

Notes
Turn   | Place    | Note
-------+----------+-------------------------------------------
     0 | D:1      | bande the Gargoyle Fighter began the quest for the Orb.
     0 | D:1      | Reached XP level 1. HP: 14/14 MP: 1/1
    46 | D:1      | Found a faded altar of an unknown god.
    56 | D:1      | Reached XP level 2. HP: 16/19 MP: 2/2
   118 | D:1      | Reached skill level 2 in Axes
   811 | D:1      | Reached XP level 3. HP: 22/23 MP: 3/3
  1086 | D:2      | Noticed Jessica
  1094 | D:2      | Killed Jessica
  1095 | D:2      | Reached XP level 4. HP: 29/29 MP: 4/4
  1306 | D:2      | Reached skill level 3 in Axes
  2372 | D:3      | Reached XP level 5. HP: 33/33 MP: 5/5
  2473 | D:3      | Found an opulent altar of Gozag.
  2500 | D:3      | Found a sparkling altar of Nemelex Xobeh.
  3090 | D:4      | Noticed an ogre
  3099 | D:3      | Killed an ogre
  3100 | D:3      | Reached skill level 4 in Axes
  3100 | D:3      | Reached XP level 6. HP: 12/38 MP: 6/6
  3775 | D:4      | Reached skill level 5 in Axes
  3775 | D:4      | Reached XP level 7. HP: 44/44 MP: 7/7
  3932 | D:4      | Noticed Dowan
  3950 | D:4      | Killed Dowan
  3951 | D:4      | Reached skill level 1 in Evocations
  3951 | D:4      | Noticed Duvessa
  3959 | D:4      | HP: 1/44 [Duvessa/+0 short sword (15)]
  3959 | D:4      | Slain by Duvessa

Illustrated notes

Levels and vault maps discovered:
D:1:      dpeg_arrival_windows_large_door, layout_basic,
          chequers_ecumenical_altar_island
D:2:      layout_basic, minmay_misc_feat_hallway, uniq_jessica
D:3:      layout_loops_corners, mainiacjoe_overflow_concentric_impassable,
          nemelex_dance_club_becter
D:4:      layout_basic, uniq_duvessa

Skill      XL: |  1  2  3  4  5  6  7 |
---------------+----------------------+-----
Axes           | 2 3 4 5 |  5.3
Armour         | 4 |  4.7
Fighting       | 4 |  4.6
Shields        | 4 |  4.3
Evocations     | 1 |  1.1

Action                   |  1- 3 |  4- 6 |  7- 9 || total
-------------------------+-------+-------+-------++-------
Melee: War axe           |    72 |   182 |    29 ||   283
  Use: Scroll            |     4 |     4 |     2 ||    10
       Potion            |       |       |     1 ||     1
Armor: Scale mail        |    28 |       |       ||    28
       Chain mail        |    32 |   126 |     3 ||   161
       Skin              |       |       |    11 ||    11
Dodge: Dodged            |    27 |    66 |    10 ||   103
Block: Buckler           |    15 |    59 |    17 ||    91

Table legend: (Time is in decaauts)
 A = Elapsed time spent in this place.
 B = Non-inter-level travel time spent in this place.
 C = Inter-level travel time spent in this place.
 D = Time resting spent in this place.
 E = Time spent auto-exploring this place.
 F = Levels seen in this place.
 G = Mean time per level.
                   A        B        C        D        E       F      G
               +--------+--------+--------+--------+--------+-----+--------+
         Total |   4070 |   3880 |    190 |    672 |   2433 |   4 | 1017.5 |
       Dungeon |   4070 |   3880 |    190 |    672 |   2433 |   4 | 1017.5 |
               +--------+--------+--------+--------+--------+-----+--------+

Top non-repeatable levels by time:
     D:3: 1878 daAuts
     D:2: 1009 daAuts
     D:1: 893 daAuts
     D:4: 289 daAuts
